 Dungeon Crawl Stone Soup version 0.26-a0-651-gb41185065b (webtiles) character file.

Game seed: 6479354792099298126

(classic levelgen) 248771 EnegeticOcto the Severer (level 18, 176/176 HPs)
             Began as a Deep Dwarf Fighter on Oct 7, 2020.
             Was the Champion of Makhleb.
             Quit the game on level 1 of the Abyss.
             The game lasted 00:18:32 (18251 turns).

EnegeticOcto the Severer (Deep Dwarf Fighter)      Turns: 18251, Time: 00:18:33

Health: 176/176    AC: 38    Str: 32    XL:     18   Next: 86%
Magic:  18/18      EV: 12    Int: 11    God:    Makhleb [******]
Gold:   397        SH: 20    Dex: 14    Spells: 17/17 levels left

rFire    + + +     SeeInvis .   a - +6 war axe (freeze)
rCold    + . .     Faith    .   c - +0 kite shield
rNeg     + . .     Spirit   .   y - +4 crystal plate armour
rPois    +         Reflect  +   T - +2 helmet
rElec    +         Harm     .   g - scarf {rC+ rF+}
rCorr    .         Rampage  .   i - +2 pair of gloves of Nelushrubiz {rElec Dex+2}
MR       ++...                  q - +2 pair of boots {run}
Stlth    ..........             r - amulet of Guunt {Reflect rF+ SH+5}
HPRegen  0.00/turn              l - +6 ring of strength
MPRegen  0.16/turn              F - ring of Oxohesa {rPois rF+ Stlth+}

@: non-regenerating, quick
A: damage resistance, heal wounds, negative energy resistance 1, sense
surroundings 3, no regeneration
}: 2/15 runes: decaying, gossamer
a: Heal Wounds, Minor Destruction, Lesser Servant of Makhleb, Major Destruction,
Greater Servant of Makhleb, Renounce Religion


You were on level 1 of the Abyss.
You worshipped Makhleb.
Makhleb was exalted by your worship.
You visited 7 branches of the dungeon, and saw 35 of its levels.
You visited the Abyss 2 times.
You visited 1 bazaar.
You also visited: Gauntlet.

You collected 2077 gold pieces.
You spent 1680 gold pieces at shops.

Inventory:

Hand Weapons
 a - a +6 war axe of freezing (weapon)
 f - a +0 vorpal hand axe
 s - the +2 war axe of Ixyck {antimagic, rC- rN+ Dex+7}
   (You found it on level 9 of the Dungeon)

   It reduces the magical energy of the wielder, and disrupts the spells and
   magical abilities of those hit.
   Natural abilities and divine invocations are not affected.
   It affects your dexterity (+7).
   It makes you vulnerable to cold.
   It protects you from negative energy.
Armour
 c - a +0 kite shield (worn)
 g - a scarf of resistance (worn)
 i - the +2 pair of gloves of Nelushrubiz (worn) {rElec Dex+2}
   (You bought it in a shop on level 9 of the Dungeon)

   It affects your dexterity (+2).
   It insulates you from electricity.
 p - +0 storm dragon scales
 q - a +2 pair of boots of running (worn)
 y - a +4 crystal plate armour (worn)
 L - a +0 helmet of intelligence
 T - a +2 helmet (worn)
 U - a +1 cloak
Jewellery
 l - a +6 ring of strength (left hand)
 r - the amulet of Guunt (around neck) {Reflect rF+ SH+5}
   (You acquired it on level 12 of the Dungeon)

   [amulet of reflection]

   It shields you and reflects attacks.
   It protects you from fire.
   It affects your SH (+5).
 v - an uncursed ring of protection from fire
 w - an uncursed amulet of the acrobat
 F - the ring of Oxohesa (right hand) {rPois rF+ Stlth+}
   (You bought it in a shop on level 11 of the Dungeon)

   [ring of stealth]

   It protects you from fire.
   It protects you from poison.
   It makes you more stealthy.
 J - a cursed -4 ring of dexterity {unknown}
 K - an uncursed amulet of reflection {unknown}
 Y - a cursed amulet of inaccuracy {unknown}
Wands
 n - a wand of disintegration (25)
 x - a wand of digging (7) {@v3}
 E - a wand of iceblast (26) {@v2}
 P - a wand of polymorph (5)
 Q - a wand of paralysis (19)
 W - a wand of acid (4) {@v1}
Scrolls
 j - 8 scrolls of blinking
 k - a scroll of magic mapping {@r5}
 m - 10 scrolls of remove curse {@r2}
 G - 7 scrolls of teleportation {@r3}
 H - 3 scrolls of identify {@r1}
 N - 2 scrolls of fear
 R - 3 scrolls of immolation {@r4}
 X - a scroll of holy word
 Z - 2 scrolls of enchant armour
Potions
 b - 3 potions of stabbing {@q5}
 d - 4 potions of might {@q3}
 e - 7 potions of heal wounds {@q2}
 h - a potion of resistance {@q6}
 o - a potion of cancellation
 t - 7 potions of ambrosia
 u - 8 potions of curing {@q1}
 z - 5 potions of haste {@q4}
 A - 2 potions of flight
 C - 2 potions of mutation
 D - 5 potions of degeneration
 M - a potion of invisibility
 O - 2 potions of berserk rage
 S - 4 potions of brilliance
 V - 3 potions of lignification {@q7}
Miscellaneous
 B - a tin of tremorstones (3/3)
 I - a condenser vane (2/2)


   Skills:
 * Level 14.6 Fighting
 * Level 19.4 Axes
 + Level 14.6 Armour
 + Level 9.6 Dodging
 + Level 14.6 Shields
 + Level 15.2 Invocations
 - Level 10.0 Evocations


You had 17 spell levels left.
You didn't know any spells.
Your spell library was empty.

Dungeon Overview and Level Annotations

Branches:
Dungeon (15/15)            Temple (1/1) D:7            Lair (4/6) D:11
  Swamp (4/4) Lair:4       Spider (4/4) Lair:3          Orc (2/2) D:10
    Elf (0/3) Orc:2        Depths (5/5) D:15            Zot (0/5) Depths:5
Gauntlet (visited)
 Vaults: D:13-14

Altars:
Ashenzari
Dithmenos
Elyvilon
Fedhas
Gozag
Hepliaklqana
Kikubaaqudgha
Makhleb
Nemelex Xobeh
Okawaru
Qazlal
Ru
Sif Muna
Trog
Uskayaw
Vehumet
Wu Jian
Xom
Yredelemnul
Zin
The Shining One
Beogh

Shops:
D:5 [   D:6 [   D:9 [   D:11 ?}=**   Orc:2 (=[![

Portals:
Hell: Depths:5
Abyss: Depths:4
Ziggurat: Depths:5

Annotations:
D:7 2 transporters
Swamp:4 1 runed translucent door
Depths:5 1 runed translucent door, Zaloj's ghost, adept MiFi


Innate Abilities, Weirdness & Mutations

You are resistant to damage.
You can heal yourself by infusing magical energy.
You resist negative energy. (rN+)
You passively map a large area around you.
You do not regenerate.


Message History

There are monsters nearby!
There are monsters nearby!
There are monsters nearby!
You barely miss the raiju.
The raiju is lightly wounded.
The raiju misses you.
You hit the raiju. You freeze the raiju.
The raiju is lightly wounded.
The raiju bursts into living lightning!
The living lightning misses you. The living lightning hits you. You resist.
The raiju blinks! x2
You hit the raiju. You freeze the raiju.
The raiju is moderately wounded.
You closely miss the raiju.
The raiju is moderately wounded.
You block the raiju's attack.
Your shield and crystal plate armour prevent you from hitting the raiju.
The raiju is moderately wounded.
The raiju bursts into living lightning!
The living lightning misses you.
The living lightning hits the raiju.
The raiju completely resists.
The raiju blinks!
You block the raiju's attack.
There are monsters nearby!
There are monsters nearby!
There are monsters nearby!
There are monsters nearby!
There are monsters nearby!
There are monsters nearby!
There are monsters nearby!
You closely miss the raiju.
The raiju is moderately wounded.
You slice the raiju!! You freeze the raiju!
You kill the raiju!
Makhleb accepts your kill. You block the raiju's attack.
You slash the raiju! You freeze the raiju.
The raiju is severely wounded.
The smoke demon gestures at you.
The sticky flame reflects off an invisible shield around you!
The sticky flame hits the smoke demon.
The smoke demon completely resists.
You hit the raiju. You freeze the raiju.
The raiju is almost dead.
The raiju bites you but does no damage.
You barely miss the raiju.
The raiju is almost dead.
You hit the smoke demon. You freeze the smoke demon.
The raiju bursts into living lightning!
The living lightning hits you but does no damage.
The living lightning hits you. You resist.
The raiju blinks! x2
You slash the raiju! You freeze the raiju.
You kill the raiju!
Makhleb accepts your kill.
You feel better.
You hit the smoke demon but do no damage.
You block the smoke demon's attack. The smoke demon closely misses you.
The smoke demon hits you.
You hit the smoke demon. You freeze the smoke demon.
The smoke demon is moderately wounded.
You block the smoke demon's attack.
The smoke demon hits you but does no damage.
You block the smoke demon's attack.
You slash the smoke demon! You freeze the smoke demon.
The smoke demon is severely wounded.
You block the smoke demon's attack. x3
A smoke demon is nearby!
A smoke demon is nearby!
A smoke demon is nearby!
A smoke demon is nearby!
A smoke demon is nearby!
A smoke demon is nearby!
A smoke demon is nearby!
You hit the smoke demon but do no damage.
The smoke demon is severely wounded.
You cut the smoke demon into ribbons!!! You freeze the smoke demon.
You kill the smoke demon!
Makhleb accepts your kill.
No target in view!
No target in view!
No target in view!
No target in view!
No target in view!
No target in view!
No target in view!
You see here a raiju corpse.
A smoke demon comes into view.
The smoke demon roars!
A smoke demon is nearby!
A smoke demon is nearby!
A smoke demon is nearby!
A smoke demon is nearby!
The smoke demon gestures at you.
The ball of steam hits you but does no damage.
No target in view!
No target in view!
No target in view!
A smoke demon is nearby!
A smoke demon is nearby!
A smoke demon is nearby!
A smoke demon is nearby!
A smoke demon is nearby!
Are you sure you want to abandon this character and quit the game? (Confirm with "yes".)

.# . . ♣♣ .##. ♣
#.### ##..... ♣♣
###.#.# ...#..# .
#.## #.....# §§...
###..#†##..#####3§# .
###.........##@§# #
###..#.#.#..§§#....#
..##..#...#§§#..#....
#....#
#..###§...#......
...#
..##..##..#..#... .
.#..... .
...#.##.###...
..#).#...#...#.# .#
..# .. ...... #.#.#.
## #. #.....##.#...#
.#


You could see a smoke demon.

Vanquished Creatures
  Frederick (Depths:5)
  Nikola (Spider:1)
  2 golden dragons (Depths:5)
  A bone dragon (Depths:5)
  2 liches (Abyss:1)
  A tentacled monstrosity (Depths:4)
  A Hell Sentinel (Abyss:1)
  A tentacled starspawn (Abyss:1)
  A sphinx (Depths:1)
  A thorn hunter (Swamp:3)
  A shadow dragon (Depths:5)
  A draconian scorcher (Depths:5)
  3 fire giants
  4 ghost moths
  A draconian knight (Depths:5)
  2 frost giants
  2 balrugs (Abyss:1)
  An emperor scorpion (Spider:4)
  A caustic shrike zombie (D:15)
  A reaper (Abyss:1)
  12 very ugly things
  8 stone giants
  2 entropy weavers (Spider:3)
  A green draconian (Depths:5)
  A black draconian (Depths:5)
  A yellow draconian (Depths:5)
  6 spark wasps
  A green death (Abyss:1)
  A merfolk javelineer (Depths:5)
  A blizzard demon (Abyss:1)
  2 ettins
  A fire dragon (Depths:1)
  2 yaktaur captains
  2 great orbs of eyes
  3 rakshasas
  10 hydras
  4 ice dragons
  2 centaur warriors
  3 alligators (Swamp:4)
  2 shambling mangroves
  Erica (Lair:1)
  8 ogre magi
  35 two-headed ogres
  4 deep troll shamans
  A tengu warrior (Depths:2)
  3 thrashing horrors (Abyss:1)
  6 deep troll earth magi
  A wretched star (Abyss:1)
  A titan zombie (D:15)
  A fire crab (Gauntlet)
  A sun demon (Abyss:1)
  The ghost of Tiareth the Thaumaturge, a novice DEWz of Cheibriados (D:9)
  2 skeletal warriors (D:15)
  2 iron trolls (Depths:1)
  A glowing orange brain (Depths:4)
  A spriggan druid (Swamp:4)
  6 swamp dragons (Swamp:4)
  8 deep trolls
  3 unseen horrors
  A phantasmal warrior (D:15)
  A flayed ghost (Depths:2)
  A fire giant zombie (Depths:3)
  12 ugly things
  10 orb spiders
  3 necromancers
  21 wolf spiders
  A manticore (D:9)
  An oklob plant (Lair:4)
  3 moths of wrath
  2 cyclopes
  4 worldbinders (Abyss:1)
  A deep elf mage (D:13)
  A spriggan zombie (Depths:4)
  A guardian serpent (shapeshifter) (Depths:1)
  A rust devil (Abyss:1)
  3 fire giant skeletons
  5 black mambas
  A centaur zombie (D:12)
  A frost giant skeleton (Depths:3)
  Joseph (D:9)
  A torpor snail (Spider:3)
  2 apocalypse crabs (Abyss:1)
  An elf zombie (D:15)
  8 cane toads
  2 orange demons (Abyss:1)
  3 smoke demons
  2 gargoyles
  4 rime drakes
  9 yaktaurs
  2 komodo dragons
  An ancient zyme (Abyss:1)
  2 tengu conjurers (Depths:2)
  9 demonic crawlers
  A red devil (Gauntlet)
  A catoblepas skeleton (Abyss:1)
  22 jumping spiders
  4 trolls
  4 tyrant leeches
  8 raiju (Abyss:1)
  8 hornets
  12 slime creatures
  A fire dragon zombie (D:15)
  3 bog bodies
  6 hippogriffs
  A hippogriff (shapeshifter) (Depths:5)
  59 redbacks
  5 shadows
  A centaur simulacrum (D:15)
  6 large abominations (Abyss:1)
  Sigmund (D:6)
  A ynoxinul (Abyss:1)
  25 tarantellas
  3 wyverns
  2 wraiths
  3 water elementals
  2 basilisks
  6 fire bats (Gauntlet)
  13 yaks
  2 chaos spawn
  A neqoxec (Abyss:1)
  2 vampire mosquitoes (Swamp:4)
  Eustachio (D:6)
  2 wargs (Orc:2)
  2 small abominations (Abyss:1)
  A human zombie (Depths:4)
  3 insubstantial wisps (Swamp:3)
  6 swamp worms
  Menkaure (D:6)
  2 soldier ants (D:9)
  2 hell hounds (Gauntlet)
  4 water moccasins
  9 porcupines
  Duvessa (D:7)
  2 orc warriors
  4 swamp drakes
  7 ice beasts
  A necrophage (D:7)
  6 sky beasts
  2 eyes of draining
  4 phantoms
  33 ogres
  10 wolves
  7 centaurs
  6 crocodiles
  2 big kobolds (D:11)
  8 bullfrogs
  2 gnoll sergeants
  A wyvern skeleton (D:9)
  3 scorpions
  43 killer bees
  Dowan (D:7)
  2 troll zombies (D:10)
  17 wights
  2 electric eels
  A vampire bat (D:5)
  3 howler monkeys
  4 crimson imps (Gauntlet)
  4 bullfrog zombies
  A jelly (D:8)
  A gnoll shaman (D:9)
  3 quasits
  11 orc priests
  2 centaur skeletons
  12 hounds
  2 bullfrog skeletons
  6 iguanas
  25 orc wizards
  7 worker ants
  A killer bee zombie (D:5)
  4 ogre zombies (D:10)
  2 hound zombies
  2 hound skeletons
  A worker ant zombie (D:9)
  19 gnolls
  10 adders
  A river rat (Lair:3)
  2 shadow imps
  2 white imps (Abyss:1)
  4 ufetubi
  2 adder skeletons
  2 worms
  A dart slug (D:1)
  A leopard gecko (D:4)
  52 orcs
  2 ball pythons
  5 bats
  3 bat skeletons (D:5)
  3 bat zombies (D:5)
  5 giant cockroaches
  A goblin (D:1)
  2 hobgoblins
  6 jackals
  8 quokkas
  3 frilled lizards
  2 goblin skeletons (D:10)
  A goblin zombie (D:10)
  A hobgoblin skeleton (D:10)
  A hobgoblin zombie (D:10)
  2 jackal skeletons
  A jackal zombie (D:6)
  13 kobolds
  A leopard gecko skeleton (D:4)
  2 leopard gecko zombies
  5 orc skeletons (D:10)
  9 orc zombies (D:10)
  2 quokka skeletons
  4 rats (D:1)
  2 briar patches (Swamp:3)
  2 starspawn tentacles (Abyss:1)
975 creatures vanquished.

Vanquished Creatures (collateral kills)
  the Lernaean hydra (Swamp:4)
  Arachne (Spider:2)
  A storm dragon (Depths:5)
  A draconian knight (Depths:5)
  A very ugly thing (Depths:5)
  A green draconian (Depths:5)
  A minotaur (Gauntlet)
  3 hydras
  7 orb spiders
  5 wolf spiders
  A manticore (D:11)
  An orange demon (Abyss:1)
  A cane toad (Lair:3)
  2 komodo dragons (Lair:3)
  A queen bee (Lair:3)
  12 jumping spiders
  2 hornets (Spider:4)
  A bog body (Swamp:4)
  A hippogriff (Lair:3)
  4 tarantellas
  9 redbacks
  3 yaks
  A water moccasin (Lair:3)
  An orc warrior (Orc:2)
  An ogre (Orc:2)
  A crocodile (Lair:3)
  7 killer bees (Lair:3)
  An electric eel (D:11)
  An orc priest (Orc:2)
73 creatures vanquished.

Vanquished Creatures (others)
  An electric eel (Spider:4)
  A crimson imp (Abyss:1)
  An orc wizard (D:10)
  9 fungi
  18 plants
  2 starspawn tentacles (Abyss:1)
  4 withered plants (D:15)
36 creatures vanquished.

Grand Total: 1084 creatures vanquished

Notes
Turn   | Place    | Note
-------+----------+-------------------------------------------
     0 | D:1      | EnegeticOcto the Deep Dwarf Fighter began the quest for the
                  | Orb.
     0 | D:1      | Reached XP level 1. HP: 20/20 MP: 1/1
   116 | D:1      | Reached XP level 2. HP: 25/27 MP: 2/2
   301 | D:2      | Reached skill level 3 in Axes
   301 | D:2      | Reached XP level 3. HP: 26/33 MP: 3/3
   587 | D:4      | Reached XP level 4. HP: 37/42 MP: 4/4
   876 | D:4      | Reached skill level 4 in Axes
   876 | D:4      | Reached XP level 5. HP: 49/49 MP: 5/5
  1007 | D:4      | Reached XP level 6. HP: 51/56 MP: 5/5
  1229 | D:5      | Entered Level 5 of the Dungeon
  1233 | D:5      | Noticed an ice beast
  1239 | D:5      | Reached skill level 5 in Axes
  1252 | D:5      | Killed an ice beast
  1252 | D:5      | Reached XP level 7. HP: 34/64 MP: 6/6
  1292 | D:5      | Reached skill level 5 in Armour
  1296 | D:5      | Reached skill level 5 in Shields
  1319 | D:5      | Reached skill level 6 in Axes
  1383 | D:5      | Found Emyudd's Antique Armour Shoppe.
  1634 | D:5      | Found a sacrificial altar of Ru.
  1648 | D:5      | Reached XP level 8. HP: 50/73 MP: 6/6
  1752 | D:5      | Reached skill level 7 in Axes
  1758 | D:5      | Found an ancient bone altar of Kikubaaqudgha.
  1951 | D:6      | Noticed Eustachio
  1984 | D:6      | Killed Eustachio
  2009 | D:6      | Reached skill level 5 in Fighting
  2136 | D:6      | Noticed Menkaure
  2147 | D:6      | Killed Menkaure
  2147 | D:6      | Reached skill level 8 in Axes
  2383 | D:6      | Found Tenues's Armour Shop.
  2535 | D:6      | Noticed Sigmund
  2551 | D:6      | Killed Sigmund
  2551 | D:6      | Gained mutation: You passively map the area around you.
                  | [Deep Dwarf growth]
  2551 | D:6      | Reached XP level 9. HP: 48/81 MP: 5/5
  2897 | D:7      | Reached skill level 9 in Axes
  2946 | D:7      | Found a hazy altar of Hepliaklqana.
  2978 | D:7      | Found a staircase to the Ecumenical Temple.
  3052 | D:7      | Found a transporter.
  3064 | D:7      | Noticed a kobold demonologist
  3116 | D:7      | Found a transporter.
  3130 | D:7      | Noticed Duvessa
  3130 | D:7      | Noticed Dowan
  3149 | D:7      | Killed Dowan
  3155 | D:7      | Killed Duvessa
  3382 | Temple   | Entered the Ecumenical Temple
  3601 | Temple   | Became a worshipper of Makhleb the Destroyer
  3710 | D:5      | Bought a runed scarf for 216 gold pieces
  3851 | D:8      | Reached skill level 1 in Invocations
  3925 | D:8      | Reached skill level 10 in Axes
  4147 | D:8      | Identified a +1 pair of boots of running (You found it on
                  | level 8 of the Dungeon)
  4193 | D:8      | Reached XP level 10. HP: 50/92 MP: 5/5
  4472 | D:9      | Reached * piety under Makhleb
  4484 | D:9      | Got an ebony war axe
  4485 | D:9      | Identified the cursed +2 war axe of Ixyck {antimagic, rC-
                  | rN+ Dex+7} (You found it on level 9 of the Dungeon)
  4696 | D:9      | Noticed Joseph
  4703 | D:9      | Found Vawkusot's Armour Boutique.
  4716 | D:9      | Killed Joseph
  4935 | D:9      | Found a transporter.
  4965 | D:9      | Noticed Tiareth's ghost (novice DEWz)
  4965 | D:9      | Noticed a moth of wrath
  4979 | D:9      | Noticed a manticore
  4986 | D:9      | Found a transporter.
  5065 | D:10     | Entered Level 10 of the Dungeon
  5176 | D:10     | Reached ** piety under Makhleb
  5272 | D:10     | Reached skill level 11 in Axes
  5497 | D:10     | Found a staircase to the Orcish Mines.
  5558 | D:10     | Reached skill level 5 in Invocations
  5593 | D:10     | Reached *** piety under Makhleb
  5842 | D:10     | Reached XP level 11. HP: 99/100 MP: 2/8
  6362 | D:11     | Noticed a two-headed ogre
  6373 | D:11     | Killed a two-headed ogre
  6444 | D:11     | Found Asotyphu's General Store.
  6553 | D:11     | Noticed a five-headed hydra
  6579 | D:11     | Killed a 13-headed hydra
  6579 | D:11     | Reached **** piety under Makhleb
  6579 | D:11     | Reached skill level 12 in Axes
  6625 | D:11     | Found a staircase to the Lair.
  6652 | D:11     | Reached skill level 1 in Evocations
  6724 | D:11     | Killed an unseen horror
  6792 | D:11     | Killed an unseen horror
  6822 | D:11     | Found Niehupn's Jewellery Shop.
  6840 | D:11     | Found Zoel's Gadget Shoppe.
  6885 | D:11     | Found Foracs's Magic Scroll Shop.
  6960 | D:11     | Found Guxtaul's General Store.
  7119 | Orc:1    | Entered Level 1 of the Orcish Mines
  7372 | Orc:2    | Entered Level 2 of the Orcish Mines
  7372 | Orc:2    | Found a staircase to the Elven Halls.
  7486 | Orc:2    | Noticed a two-headed ogre
  7486 | Orc:2    | Noticed a two-headed ogre
  7487 | Orc:2    | Noticed a two-headed ogre
  7489 | Orc:2    | Noticed an ogre mage
  7489 | Orc:2    | Noticed a two-headed ogre
  7489 | Orc:2    | Noticed a two-headed ogre
  7489 | Orc:2    | Noticed a two-headed ogre
  7489 | Orc:2    | Noticed an ogre mage
  7490 | Orc:2    | Noticed a two-headed ogre
  7491 | Orc:2    | Noticed an ogre mage
  7496 | Orc:2    | Killed a two-headed ogre
  7496 | Orc:2    | Killed a two-headed ogre
  7496 | Orc:2    | Killed a two-headed ogre
  7496 | Orc:2    | Killed a two-headed ogre
  7496 | Orc:2    | Killed an ogre mage
  7496 | Orc:2    | Reached XP level 12. HP: 84/110 MP: 2/8
  7496 | Orc:2    | Killed a two-headed ogre
  7496 | Orc:2    | Killed an ogre mage
  7496 | Orc:2    | Killed an ogre mage
  7496 | Orc:2    | Reached skill level 13 in Axes
  7496 | Orc:2    | Reached skill level 10 in Armour
  7496 | Orc:2    | Reached skill level 10 in Shields
  7496 | Orc:2    | Killed a two-headed ogre
  7496 | Orc:2    | Killed a two-headed ogre
  7496 | Orc:2    | Reached skill level 5 in Evocations
  7509 | Orc:2    | Noticed a two-headed ogre
  7510 | Orc:2    | Noticed a two-headed ogre
  7511 | Orc:2    | Noticed a two-headed ogre
  7512 | Orc:2    | Noticed a two-headed ogre
  7513 | Orc:2    | Noticed a two-headed ogre
  7516 | Orc:2    | Noticed an ogre mage
  7520 | Orc:2    | Noticed a two-headed ogre
  7524 | Orc:2    | Noticed a two-headed ogre
  7524 | Orc:2    | Killed a two-headed ogre
  7524 | Orc:2    | Killed a two-headed ogre
  7524 | Orc:2    | Killed a two-headed ogre
  7524 | Orc:2    | Killed an ogre mage
  7524 | Orc:2    | Killed a two-headed ogre
  7524 | Orc:2    | Killed a two-headed ogre
  7530 | Orc:2    | Killed a two-headed ogre
  7531 | Orc:2    | Found Neohiat's Distillery.
  7531 | Orc:2    | Found Enipoeb's Jewellery Boutique.
  7532 | Orc:2    | Killed a two-headed ogre
  7533 | Orc:2    | Found Ote Gita's Antique Armour Shop.
  7533 | Orc:2    | Found Iboq's Armour Emporium.
  7534 | Orc:2    | Noticed a two-headed ogre
  7545 | Orc:2    | Killed a two-headed ogre
  7545 | Orc:2    | Reached XP level 13. HP: 121/121 MP: 3/10
  7671 | Orc:2    | Found Ogiebb's Antique Weapon Shoppe.
  7908 | Orc:2    | Found a roughly hewn altar of Beogh.
  8180 | D:9      | Bought the +2 pair of gloves of Nelushrubiz {rElec Dex+2}
                  | for 490 gold pieces
  8257 | D:11     | Bought the ring of Oxohesa {rPois rF+ Stlth+} for 428 gold
                  | pieces
  8280 | D:11     | Bought a scroll of enchant armour for 120 gold pieces
  8280 | D:11     | Bought a scroll of blinking for 120 gold pieces
  8407 | D:12     | Reached skill level 14 in Axes
  8777 | D:12     | Found a gate leading to a gauntlet.
  8815 | Gauntlet | Entered a Gauntlet
  8815 | Gauntlet | Found a transporter.
  8815 | Gauntlet | Found a runed translucent door.
  8815 | Gauntlet | Found a runed translucent door.
  8818 | Gauntlet | Found a transporter.
  8838 | Gauntlet | Found a transporter.
  8846 | Gauntlet | Found a transporter.
  8846 | Gauntlet | Found a transporter.
  8846 | Gauntlet | Found a transporter.
  8888 | Gauntlet | Found a runed translucent door.
  8894 | Gauntlet | Found a transporter.
  8898 | Gauntlet | Found a transporter.
  8928 | Gauntlet | Reached ***** piety under Makhleb
  8966 | Gauntlet | Noticed a minotaur
  8980 | Gauntlet | Killed a minotaur
  8984 | Gauntlet | Identified the Grimoire of Enthralling Attacks
  8985 | Gauntlet | Got a scorched turquoise ring
  9173 | D:12     | Found a flickering gateway to a bazaar.
  9295 | Bazaar   | Entered a bazaar
  9299 | Bazaar   | Found Zamock's Assorted Antiques.
  9317 | Bazaar   | Found Erphibb's Antique Armour Emporium.
  9334 | Bazaar   | Found Raosy's Antique Weapon Boutique.
  9351 | Bazaar   | Found Avocruang's Antique Weapon Shoppe.
  9385 | D:12     | Identified a scroll of acquirement
  9385 | D:12     | Acquired the amulet of Guunt {Reflect rF+ SH+5}
  9882 | D:9      | Killed Tiareth's ghost
 10028 | Lair:1   | Entered Level 1 of the Lair of Beasts
 10127 | Lair:1   | Reached skill level 10 in Invocations
 10190 | Lair:1   | Noticed Erica
 10203 | Lair:1   | Killed Erica
 11270 | Lair:3   | Reached skill level 15 in Axes
 11286 | Lair:3   | Found the +4 robe of Augmentation {Str+4 Int+4 Dex+4}
 11401 | Lair:3   | Gained mutation: You resist negative energy. (rN+) [Deep
                  | Dwarf growth]
 11401 | Lair:3   | Reached XP level 14. HP: 130/130 MP: 11/11
 11742 | Lair:3   | Found a hole to the Spider Nest.
 12745 | Lair:4   | Found a staircase to the Swamp.
 12760 | Lair:4   | Identified the ring "Sonneoss" {rCorr Int+5} (You found it
                  | in a Gauntlet)
 12767 | Swamp:1  | Entered Level 1 of the Swamp
 12863 | Swamp:2  | Reached skill level 10 in Fighting
 12911 | Swamp:3  | Noticed a thorn hunter
 12924 | Swamp:3  | Killed a thorn hunter
 12972 | Swamp:4  | Entered Level 4 of the Swamp
 13062 | Swamp:4  | Found a runed translucent door.
 13104 | Swamp:4  | Reached skill level 1 in Dodging
 13136 | Swamp:4  | Noticed the 27-headed Lernaean hydra
 13141 | Swamp:4  | Killed the 27-headed Lernaean hydra
 13182 | Swamp:4  | Got a decaying rune of Zot
 13272 | Swamp:2  | Reached skill level 10 in Evocations
 13345 | Spider:1 | Entered Level 1 of the Spider Nest
 13345 | Spider:1 | Noticed Nikola
 13348 | Spider:1 | Noticed an Executioner
 13365 | Spider:1 | Killed Nikola
 13365 | Spider:1 | Reached skill level 16 in Axes
 13365 | Spider:1 | Reached XP level 15. HP: 140/140 MP: 13/13
 13611 | Spider:2 | Noticed Arachne
 13626 | Spider:2 | Killed Arachne
 13874 | Spider:3 | Killed a ghost moth
 14178 | Spider:3 | Reached skill level 5 in Dodging
 14212 | Spider:4 | Entered Level 4 of the Spider Nest
 14554 | Spider:4 | Found a frozen archway.
 14704 | Spider:4 | Reached XP level 16. HP: 139/152 MP: 15/15
 14814 | Spider:4 | Reached skill level 17 in Axes
 14928 | Spider:4 | Got a gossamer rune of Zot
 15461 | D:14     | Reached ****** piety under Makhleb
 15474 | D:15     | Entered Level 15 of the Dungeon
 15613 | D:15     | Found a staircase to the Depths.
 15675 | Depths:1 | Entered Level 1 of the Depths
 15819 | D:11     | Bought 3 scrolls of blinking for 270 gold pieces
 15819 | D:11     | Bought a scroll of teleportation for 36 gold pieces
 16010 | Depths:1 | Noticed a sphinx
 16024 | Depths:1 | Killed a sphinx
 16158 | Depths:1 | Found a broken altar of Ashenzari.
 16205 | Depths:2 | Reached XP level 17. HP: 162/162 MP: 17/17
 16239 | Depths:2 | Reached skill level 18 in Axes
 16667 | Depths:4 | Paralysed by a great orb of eyes for 2 turns
 16687 | Depths:4 | Noticed a tentacled monstrosity
 16717 | Depths:4 | Killed a tentacled monstrosity
 16734 | Depths:5 | Entered Level 5 of the Depths
 16734 | Depths:5 | Found a runed translucent door.
 16734 | Depths:5 | Found a shimmering altar of Xom.
 16734 | Depths:5 | Noticed Zaloj's ghost (adept MiFi)
 16734 | Depths:5 | Noticed a golden dragon
 16735 | Depths:5 | Identified the +11 halberd "Wathri" {chaos, rC+ Str+3}
 16744 | Depths:5 | Killed a golden dragon
 16828 | Depths:5 | Noticed a golden dragon
 16852 | Depths:5 | Noticed a bone dragon
 16864 | Depths:5 | Killed a golden dragon
 16878 | Depths:5 | Gained mutation: You passively map a large area around you.
                  | [Deep Dwarf growth]
 16878 | Depths:5 | Reached XP level 18. HP: 160/174 MP: 18/18
 16900 | Depths:5 | Killed a bone dragon
 17009 | Depths:5 | Found a gate to the Realm of Zot.
 17083 | Depths:5 | Found a gateway to Hell.
 17123 | Depths:5 | Found a gateway to a ziggurat.
 17254 | Depths:5 | Noticed Frederick
 17272 | Depths:5 | Killed Frederick
 17272 | Depths:5 | Reached skill level 19 in Axes
 17450 | Depths:4 | Identified the cursed +3 war axe of Malaise {venom, Fragile
                  | rElec Int+4 SInv}
 17467 | Depths:4 | Found a one-way gate to the infinite horrors of the Abyss.
 17474 | Depths:4 | Voluntarily entered the Abyss.
 17587 | Abyss:1  | Noticed a Hell Sentinel
 17617 | Abyss:1  | Killed a Hell Sentinel
 17617 | Abyss:1  | Reached skill level 15 in Invocations
 17692 | Abyss:1  | Noticed a lich
 17707 | Abyss:1  | Noticed a lich
 17722 | Abyss:1  | Killed a lich
 17729 | Abyss:1  | Killed a lich
 17976 | Depths:4 | Escaped the Abyss
 17978 | Depths:4 | Voluntarily entered the Abyss.
 18251 | Abyss:1  | Quit the game

Illustrated notes

Levels and vault maps discovered:
D:1:      dpeg_arrival_tiny_i, layout_basic
D:2:      layout_basic, cheibriados_altar_1, hex_intersection
D:3:      layout_basic
D:4:      layout_cave_pods, grunt_decor_fettered, due_unseen_surprise
D:5:      layout_loops_ring, kennysheep_vampire_church,
          nicolae_ru_sacrificial_ziggurat, serial_shops, shop, minivault_23
D:6:      layout_loops_ring, serial_shops, kennysheep_mini, uniq_sigmund,
          uniq_eustachio, uniq_menkaure
D:7:      gammafunk_wand_slinger, layout_rooms, lemuel_doored_altar,
          minmay_temple_entry_proselytizer, uniq_duvessa
D:8:      layout_gridville, small_chamber_with_monster, minmay_manual_moon
D:9:      layout_loops_ring, serial_shops, shop_statue,
          gammafunk_ghost_berserking_beasts, uniq_joseph
D:10:     layout_layer_cave, zombieorc1_lemuel
D:11:     layout_basic, erik_lair_island, serial_shops, shop, shop,
          nicolae_shop_temple_entry_statues_fountains, shop,
          nicolae_shop_behind_doors
D:12:     layout_stronghold, gauntlet_entry_generic, serial_shops,
          bzr_entry_road
D:13:     layout_basic, minmay_hedge_maze, chequers_garden
D:14:     gammafunk_the_bubble [the_bubble_gammafunk_split], layout_layer_cave,
          grunt_vaults_entry_tiered, chequers_big_river, nicolae_water_bricks,
          minmay_mirror_moons_of_madness, uniq_nessos
D:15:     gammafunk_depths_entry_grave, layout_stronghold,
          minmay_misc_feat_ornament
Temple:   dpeg_five_rooms_temple
Lair:1:   layout_cave_pods, chequers_serial_rivers_micro_b, uniq_erica
Lair:2:   layout_regular_city, serial_bayou_shore_a, grunt_megastairs_3
Lair:3:   regret_index_bee_streams, layout_regular_city, dummy_spider_entry,
          infiniplex_staircase_pool_2
Lair:4:   layout_roguey, nicolae_swamp_entry_splash_gauntlet
Swamp:1:  layout_basic_swamp, hangedman_swamp_blocks, swamp_pool1
Swamp:2:  layout_basic_swamp, evilmike_swamp_ruin_house_4
Swamp:3:  layout_basic_swamp, evilmike_swamp_ruin_rubble_1
Swamp:4:  swamp_alternative, layout_basic_swamp, gammafunk_ghost_grave
Spider:1: layout_spider_delve, guppyfry_spider_mini_1, uniq_nikola
Spider:2: nicolae_spider_hall_of_the_moth_king, zaba_antful_of_joy, uniq_arachne
Spider:3: layout_chambers, nicolae_spider_webs_and_nodes, nicolae_spider_nook
Spider:4: spider_rune_water, portal_ice_cave_entry_pillars_three
Orc:1:    layout_caves, mines2_david
Orc:2:    st_orc_ogre_mass, layout_caves, basic_altar, serial_shops, shop
Depths:1: layout_roguey, grunt_metal_band, minmay_misc_feat_doors,
          serial_bayou_pond_a, minmay_misc_feat_chi,
          chequers_serial_rivers_micro_a, nicolae_ashenzari_panopticon
Depths:2: impenetrable_vault, layout_cave_pools, hell_entry, abyss_entry,
          grunt_decor_mini_mirrors, minmay_librarian, serial_bayou_shore_b,
          infiniplex_staircase_hallway_doors
Depths:3: minmay_the_grid_triangle_9x9_recursive_3
          [minmay_the_grid_triangle_9x9_zippers_horizontal,
          minmay_the_grid_triangle_9x9_negative_grid,
          minmay_the_grid_triangle_9x9_checkered,
          minmay_the_grid_triangle_9x9_prize_center,
          minmay_the_grid_triangle_9x9_intruding_spiral,
          minmay_the_grid_triangle_9x9_shrine,
          minmay_the_grid_triangle_9x9_minimal,
          minmay_the_grid_triangle_9x9_alien,
          minmay_the_grid_triangle_9x9_fully_insulated_deathbox],
          layout_small_grid, kennysheep_decorative_pillar,
          pf_vacation_house_of_asmodeus, pan_entry,
          infiniplex_staircase_zigzag_2
Depths:4: evilmike_diamond_1, layout_gridville, abyss_entry_crystal,
          serial_bayou_shore_b, grunt_hell_entry_dis_grunt,
          infiniplex_staircase_zigzag_1
Depths:5: grunt_zot_entry_bicorn, layout_cave_pools, enter_ziggurat_e,
          hell_entry, minmay_misc_feat_tower, ebering_ghost_xom, uniq_frederick
Abyss:1:  base: Lair:3, minivault_28, base:
Swamp:2

Skill      XL: |  1  2  3  4  5  6  7  8  9 10 11 12 13 14 15 16 17 18 |
---------------+-------------------------------------------------------+-----
Axes           | 3 4 5 6 8 10 11 12 13 15 16 17 18 19 | 19.4
Fighting       | 3 4 5 6 7 8 9 10 11 12 13 14 | 14.6
Armour         | 4 5 6 7 8 9 10 11 12 13 14 | 14.6
Shields        | 4 5 6 7 8 9 10 11 12 13 14 | 14.6
Invocations    | 2 5 7 9 10 11 12 13 14 15 | 15.2
Evocations     | 3 6 8 10 | 10.0
Dodging        | 2 5 7 8 9 |  9.6

Action                   |  1- 3 |  4- 6 |  7- 9 | 10-12 | 13-15 | 16-18 || total
-------------------------+-------+-------+-------+-------+-------+-------++-------
Melee: War axe           |   112 |    72 |   422 |   576 |  1146 |  1122 ||  3450
Invok: Lesser Servant of |       |       |       |     7 |    34 |    10 ||    51
       Greater Servant o |       |       |       |       |     3 |     2 ||     5
 Abil: Heal Wounds       |     1 |     9 |     8 |    17 |     6 |     6 ||    47
Evoke: Wand              |       |       |       |     4 |       |     3 ||     7
       Tin of tremorston |       |       |       |     3 |       |       ||     3
       Condenser vane    |       |       |       |       |     1 |     2 ||     3
  Use: Potion            |       |     1 |       |       |     4 |     1 ||     6
       Scroll            |       |       |     9 |     7 |    28 |     2 ||    46
 Stab: Distracted        |       |       |       |     3 |    10 |     4 ||    17
       Confused          |       |       |       |       |     3 |       ||     3
Armor: Scale mail        |    51 |    10 |       |       |       |       ||    61
       Storm dragon scal |       |    78 |   188 |       |       |       ||   266
       Crystal plate arm |       |       |    70 |   427 |  1366 |   654 ||  2517
Dodge: Dodged            |    51 |    39 |    89 |   122 |   408 |   255 ||   964
Block: Kite shield       |    62 |    54 |   289 |   406 |  1387 |   903 ||  3101
       Reflection        |       |       |       |       |     7 |    43 ||    50

Table legend: (Time is in decaauts)
 A = Elapsed time spent in this place.
 B = Non-inter-level travel time spent in this place.
 C = Inter-level travel time spent in this place.
 D = Time resting spent in this place.
 E = Time spent auto-exploring this place.
 F = Levels seen in this place.
 G = Mean time per level.
                   A        B        C        D        E       F      G
               +--------+--------+--------+--------+--------+-----+--------+
         Total |  16874 |  14974 |   1900 |    212 |   9374 |  39 |  432.7 |
       Dungeon |   8852 |   7640 |   1212 |      0 |   5224 |  15 |  590.1 |
        Temple |    252 |    190 |     62 |      0 |    188 |   1 |  252.0 |
          Lair |   2556 |   2410 |    146 |      0 |   1876 |   4 |  639.0 |
         Swamp |    482 |    371 |    111 |      0 |     96 |   4 |  120.5 |
   Spider Nest |   1624 |   1381 |    243 |    212 |    419 |   4 |  406.0 |
  Orcish Mines |    919 |    853 |     66 |      0 |    648 |   2 |  459.5 |
        Depths |   1304 |   1247 |     57 |      0 |    531 |   5 |  260.8 |
         Abyss |    649 |    649 |      0 |      0 |    303 |   2 |  324.5 |
        Bazaar |     80 |     80 |      0 |      0 |     62 |   1 |   80.0 |
      Gauntlet |    152 |    152 |      0 |      0 |     24 |   1 |  152.0 |
               +--------+--------+--------+--------+--------+-----+--------+

Top non-repeatable levels by time:
    D:10: 1169 daAuts
    D:12: 1151 daAuts
    D:11: 1002 daAuts
     D:6: 955 daAuts
  Lair:3: 879 daAuts
     D:4: 825 daAuts
Spider:3: 813 daAuts
     D:5: 802 daAuts
     D:9: 774 daAuts
  Lair:2: 769 daAuts
  Lair:4: 684 daAuts
   Orc:2: 675 daAuts
 Abyss:1: 649 daAuts
     D:8: 623 daAuts
     D:7: 610 daAuts
